 Dungeon Crawl Stone Soup version 0.31-a0-214-gb37851dbb3 (webtiles) character file.

Game seed: 14363555863813609161

7831 qw the Skirmisher (level 11, -8/71 HPs)
             Began as a Gargoyle Hexslinger on July 1, 2023.
             Was a Priest of Okawaru.
             Mangled by an elephant (13 damage)
             ... on level 2 of the Lair of Beasts.
             The game lasted 00:05:23 (8692 turns).

qw the Skirmisher (Gargoyle Hexslinger)             Turns: 8692, Time: 00:05:23

Health: -8/71      AC: 20    Str: 12      XL:     11   Next: 21%
Magic:  12/14      EV: 15    Int: 11 (14) God:    Okawaru [***...]
Gold:   566        SH:  0    Dex: 15 (16) Spells: 11/12 levels left

rFire   . . .        Y - +0 shortbow
rCold   . . .        (shield currently unavailable)
rNeg    + . .        d - +0 ring mail
rPois   inf          (no helmet)
rElec   +            k - +0 cloak
rCorr   .            g - +0 pair of gloves
SInv    .            c - +1 pair of boots
Will    .....        b - amulet of regeneration
Stlth   +++          (no ring)
HPRegen 1.11/turn    (no ring)
MPRegen 0.14/turn

%: no passive effects
@: heroic
A: sickness immunity, AC +8, negative energy resistance 1, electricity
resistance, torment resistance 1, petrification resistance, deterioration 1,
sturdy frame 1
a: Renounce Religion, Heroism


You were on level 2 of the Lair of Beasts.
You worshipped Okawaru.
Okawaru was most pleased with you.
You visited 2 branches of the dungeon, and saw 10 of its levels.
You also visited: Ossuary.

You collected 566 gold pieces.


Innate Abilities, Weirdness & Mutations

You are immune to sickness and miasma.
Your stone body is resilient. (AC +8)
You are immune to poison.
You resist negative energy. (rN+)
You are resistant to electric shocks. (rElec)
You are resistant to unholy torment.
You are immune to petrification.
Your body sometimes deteriorates upon taking damage.
Your movements are slightly less encumbered by armour. (ER -2)


   Skills:
 - Level 9.0(14.0) Fighting
 + Level 13.1(18.1) Ranged Weapons
 - Level 5.4(10.4) Armour
 - Level 3.1(8.1) Dodging
 - Level 1.0 Spellcasting
 - Level 2.6 Hexes
 - Level 4.0 Invocations


You had 11 spell levels left.
You knew the following spells:

 Your Spells              Type           Power      Damage    Failure   Level
a - Slow                  Hex            24%        N/A       14%         1

Your spell library contained the following spells:

 Spells                   Type           Power      Damage    Failure   Level
 Inner Flame              Hex/Fire       3%         N/A       58%         3
 Portal Projectile        Hex/Tloc       6%         N/A       58%         3
 Cause Fear               Hex            3%         N/A       82%         4

Inventory:

Hand Weapons
 Y - a +0 shortbow (weapon)
Armour
 c - a +1 pair of boots (worn)
 d - a +0 ring mail (worn)
 g - a +0 pair of gloves (worn)
 k - a +0 cloak (worn)
Jewellery
 b - an amulet of regeneration (around neck)
Scrolls
 n - 2 scrolls of identify
Potions
 e - 3 potions of might
 h - a potion of magic
 i - 3 potions of mutation
 j - a potion of haste
 l - a potion of cancellation {unknown}
 m - 2 potions of curing
 p - 2 potions of enlightenment

Dungeon Overview and Level Annotations

Branches:
Dungeon (8/15)             Temple (0/1) D:7            Lair (2/5) D:8
Ossuary (visited)
  Swamp: Lair:2-3    Shoals: Lair:2-3     Snake: Lair:2-3    Spider: Lair:2-3

Altars:
Hepliaklqana
Makhleb
Nemelex Xobeh
Okawaru
Qazlal
Ru
Uskayaw
Xom

Shops:
D:1 ?

Annotations:
D:3 3 runed translucent doors, qw's ghost, amateur GrHs


Message History

The elephant tramples you but does no damage.
The elephant trunk-slaps you. The elephant misses you. x2
The elephant completely misses you. The elephant closely misses you.
You shoot an arrow.
The arrow hits the elephant but does no damage.
The elephant is lightly wounded.
You shoot an arrow.
The arrow hits the elephant but does no damage.
The elephant is lightly wounded.
The elephant tramples you!
Your body deteriorates!
You feel dopey.
You hold your ground!
The elephant trunk-slaps you but does no damage.
The elephant tramples you but does no damage.
The elephant trunk-slaps you but does no damage.
The elephant barely misses you. The elephant misses you.
The elephant closely misses you. The elephant misses you. x2
The elephant closely misses you.
You shoot an arrow. The arrow hits the elephant.
The elephant is lightly wounded.
The elephant tramples you!
Your body deteriorates!
You feel clumsy.
You hold your ground!
The elephant trunk-slaps you but does no damage.
The elephant tramples you but does no damage.
The elephant barely misses you. x2
The elephant trunk-slaps you but does no damage.
The elephant tramples you but does no damage.
The elephant closely misses you. x2
The elephant trunk-slaps you but does no damage.
You shoot an arrow.
The arrow hits the elephant but does no damage.
The elephant is lightly wounded.
The elephant tramples you but does no damage.
The elephant trunk-slaps you but does no damage.
The elephant closely misses you. The elephant misses you.
The elephant closely misses you.
The elephant trunk-slaps you but does no damage.
The elephant tramples you!
You die...

#......##..
......#.##
.......# #
#%?#.##
#.####....P##
...........P#
........Y.###
........YYY#
.......Y@Y##
......(...P#
.#...#.##.##
#.#####...#
#.P¤##...##
#¤¤¤¤###..#
##.¤¤¤.#..##
#.¤¤¤¤#.#.# ..#
....##¤P#¤##).##


You could see 6 elephants.

Vanquished Creatures
  Harold (Lair:2)
  A black mamba (Lair:1)
  A cane toad (Lair:2)
  A komodo dragon (Lair:1)
  A troll (D:6)
  A polar bear (Lair:1)
  3 blink frogs (Lair:1)
  A wyvern (Lair:1)
  7 yaks (Lair:1)
  3 water moccasins
  An orc warrior (D:7)
  An ice beast (D:5)
  3 sky beasts
  3 black bears
  2 ogres (D:6)
  A centaur (D:7)
  3 wolves (Lair:1)
  15 scorpions
  5 bullfrogs
  7 wights (D:7)
  A centaur zombie (Ossuary)
  4 human zombies (Ossuary)
  2 orc priests
  4 hounds
  2 gnoll boudas
  6 scorpion zombies (Ossuary)
  A sleepcap (D:4)
  2 iguanas
  4 orc wizards
  2 hell rats (Lair:1)
  3 mummies (Ossuary)
  6 adders
  7 gnolls
  10 river rats (Lair:1)
  2 shadow imps
  A white imp (D:6)
  2 ufetubi
  3 worms (D:2)
  4 dart slugs
  24 orcs
  6 ball pythons
  9 endoplasms
  3 giant cockroaches
  12 goblins
  11 hobgoblins
  2 jackals (D:5)
  3 quokkas
  4 bats
  3 frilled lizards
  A gnoll zombie (Ossuary)
  2 goblin zombies (Ossuary)
  3 hobgoblin zombies (Ossuary)
  5 kobolds
  2 kobold zombies (Ossuary)
  An orc zombie (Ossuary)
  7 rats
225 creatures vanquished.

Notes
Turn   | Place    | Note
-------+----------+-------------------------------------------
     0 | D:1      | qw the Gargoyle Hexslinger began the quest for the Orb.
     0 | D:1      | Reached XP level 1. HP: 12/12 MP: 2/2
     0 | D:1      | 0 ||| qw: Version: 0.3-a-32-g5962c71
     0 | D:1      | 0 ||| qw: Game counter: 7341
     0 | D:1      | 0 ||| qw: Melee chars always use a shield: true
     0 | D:1      | 0 ||| qw: God list: Okawaru
     0 | D:1      | 0 ||| qw: Allow faded altars: false
     0 | D:1      | 0 ||| qw: Do Orc after clearing Dungeon:15 true
     0 | D:1      | 0 ||| qw: Do second Lair branch before Depths: true
     0 | D:1      | 0 ||| qw: Lair rune preference: random
     0 | D:1      | 0 ||| qw: Goals: Normal
     0 | D:1      | 0 ||| PLANNING D:1-11
     2 | D:1      | Found Gyefoph's Magic Scroll Emporium.
    19 | D:1      | 19 ||| SHOPLISTING scroll of enchant weapon (82 gold, have
                  | 10).
    19 | D:1      | 19 ||| SHOPLISTING scroll of identify (22 gold, have 10).
    19 | D:1      | 19 ||| SHOPLISTING scroll of teleportation (33 gold, have
                  | 10).
   155 | D:1      | Reached XP level 2. HP: 9/16 MP: 3/3
   356 | D:1      | Reached skill level 3 in Ranged Weapons
   534 | D:1      | Reached XP level 3. HP: 21/21 MP: 4/4
   652 | D:1      | 652 ||| UPGRADING to +0 ring mail.
   662 | D:1      | 662 ||| DROPPING +0 robe.
   663 | D:1      | 663 ||| READING scroll labelled CAELOGR UCZISTE.
   664 | D:1      | 664 ||| READING scroll labelled LAUVAZ QIUKK.
   665 | D:1      | 665 ||| READING scroll labelled ORIYFUTHIZUCS.
   666 | D:1      | 666 ||| READING scroll labelled MOSA ORYURCHU.
   667 | D:1      | 667 ||| DRINKING 2 fuming ruby potions.
   668 | D:1      | 668 ||| DROPPING scroll of poison.
   669 | D:1      | 669 ||| DROPPING potion of degeneration.
  1352 | D:2      | Reached XP level 4. HP: 24/26 MP: 5/5
  1500 | D:2      | 1500 ||| UPGRADING to +0 pair of gloves.
  1505 | D:2      | 1505 ||| READING scroll labelled PADDUV UMAZOTTU.
  1509 | D:2      | 1509 ||| READING scroll labelled DITEKO DATIER.
  1510 | D:2      | 1510 ||| DRINKING 2 clear potions.
  1549 | D:3      | Noticed a centaur
  1558 | D:3      | Noticed qw's ghost (amateur GrHs)
  1697 | D:3      | Found a hide-covered altar of Uskayaw.
  1713 | D:3      | Found a faded altar of an unknown god.
  1779 | D:3      | Reached skill level 1 in Armour
  1845 | D:3      | Reached skill level 4 in Ranged Weapons
  1908 | D:3      | 1908 ||| FLEEEEING.
  1909 | D:3      | 1909 ||| FLEEEEING.
  1910 | D:3      | 1910 ||| FLEEEEING.
  1911 | D:3      | 1911 ||| FLEEEEING.
  1912 | D:3      | 1912 ||| FLEEEEING.
  1917 | D:3      | 1917 ||| FLEEEEING.
  1927 | D:3      | Reached XP level 5. HP: 25/30 MP: 6/6
  2294 | D:3      | Found a runed translucent gate.
  2294 | D:3      | Found a runed translucent gate.
  2294 | D:3      | Found a runed translucent gate.
  2561 | D:3      | 2561 ||| UPGRADING to +0 cloak.
  2566 | D:3      | 2566 ||| UPGRADING to amulet of regeneration.
  2571 | D:3      | 2571 ||| READING scroll labelled HATTUUFUTU.
  2572 | D:3      | 2572 ||| READING scroll labelled ODOR UFOMUULIM.
  2573 | D:3      | 2573 ||| READING scroll labelled ZEIREL XEKUPH.
  2750 | D:4      | Reached skill level 5 in Ranged Weapons
  2836 | D:4      | Found a shimmering altar of Xom.
  3004 | D:4      | Found a hazy altar of Hepliaklqana.
  3076 | D:4      | Found a sparkling altar of Nemelex Xobeh.
  3269 | D:4      | 3269 ||| DRINKING 2 fuming blue potions.
  3269 | D:4      | Gained mutation: You are vulnerable to heat. (rF-) [potion
                  | of mutation]
  3269 | D:4      | Gained mutation: You have a pair of small horns on your
                  | head. [potion of mutation]
  3270 | D:4      | 3270 ||| DRINKING potion of mutation.
  3270 | D:4      | Lost mutation: You are vulnerable to heat. (rF-) [potion of
                  | mutation]
  3270 | D:4      | Lost mutation: You have a pair of small horns on your head.
                  | [potion of mutation]
  3270 | D:4      | Gained mutation: Your movements are slightly less
                  | encumbered by armour. (ER -2) [potion of mutation]
  3270 | D:4      | Gained mutation: Your body sometimes deteriorates upon
                  | taking damage. [potion of mutation]
  3271 | D:4      | 3271 ||| DRINKING 2 smoky clear potions.
  3313 | D:4      | 3313 ||| DRINKING 3 purple potions.
  3314 | D:4      | 3314 ||| DROPPING potion of lignification.
  3346 | D:5      | Entered Level 5 of the Dungeon
  3465 | D:5      | Noticed an ice beast
  3481 | D:5      | Killed an ice beast
  3482 | D:5      | Reached XP level 6. HP: 34/38 MP: 7/7
  3487 | D:5      | Found the +18 Lear's hauberk
  3500 | D:5      | Found an iron altar of Okawaru.
  3500 | D:5      | Noticed a black bear
  3501 | D:5      | 3501 ||| PLANNING OKAWARU WORSHIP
  3515 | D:5      | Killed a black bear
  3536 | D:5      | Became a worshipper of Warmaster Okawaru
  3537 | D:5      | 3537 ||| PLANNING D:1-11
  3586 | D:5      | Reached skill level 6 in Ranged Weapons
  3739 | D:5      | Found a burning altar of Makhleb.
  3886 | D:5      | Reached XP level 7. HP: 43/43 MP: 8/8
  3956 | D:5      | HP: 10/43 [iguana (8)]
  3957 | D:5      | 3957 ||| READING 2 scrolls of teleportation.
  3958 | D:5      | 3958 ||| DRINKING 3 potions of heal wounds.
  4091 | D:5      | 4091 ||| DROPPING ring of flight.
  4130 | D:6      | 4130 ||| STAIRDANCE
  4185 | D:6      | Reached skill level 7 in Ranged Weapons
  4205 | D:6      | Reached * piety under Okawaru
  4362 | D:6      | Found a stormy altar of Qazlal.
  4441 | D:6      | Reached skill level 1 in Invocations
  4486 | D:6      | Reached XP level 8. HP: 47/48 MP: 9/9
  4616 | D:6      | Noticed a troll
  4630 | D:6      | 4630 ||| INVOKING Heroism.
  4638 | D:6      | Reached skill level 3 in Invocations
  4682 | D:6      | 4682 ||| INVOKING Heroism.
  4691 | D:6      | Killed a troll
  4692 | D:6      | Reached skill level 8 in Ranged Weapons
  4956 | D:6      | 4956 ||| INVOKING Heroism.
  5121 | D:7      | Reached skill level 9 in Ranged Weapons
  5121 | D:7      | Reached XP level 9. HP: 52/54 MP: 12/12
  5199 | D:7      | Found a staircase to the Ecumenical Temple.
  5438 | D:7      | Found a sacrificial altar of Ru.
  5439 | D:7      | 5439 ||| SWAPPING to +0 shortbow.
  5440 | D:7      | 5440 ||| DROPPING +1 sling of flaming.
  5600 | D:7      | 5600 ||| INVOKING Heroism.
  5745 | D:7      | 5745 ||| INVOKING Heroism.
  5777 | D:7      | Reached skill level 6 in Fighting
  5777 | D:7      | 5777 ||| DRINKING 2 potions of curing.
  5777 | D:7      | 5777 ||| (to cure confusion)
  5848 | D:7      | 5848 ||| INVOKING Heroism.
  5952 | D:7      | 5952 ||| DRINKING potion of curing.
  5952 | D:7      | 5952 ||| (to cure confusion)
  5972 | D:7      | 5972 ||| INVOKING Heroism.
  6066 | D:7      | 6066 ||| READING scroll labelled MYLAPI ULEL.
  6067 | D:7      | 6067 ||| DRINKING 2 sapphire potions.
  6068 | D:7      | 6068 ||| DRINKING 2 fizzy blue potions.
  6069 | D:7      | 6069 ||| READING 2 scrolls of identify.
  6069 | D:7      | 6069 ||| IDENTIFYING murky inky potion
  6070 | D:7      | 6070 ||| DROPPING potion of attraction.
  6088 | D:8      | 6088 ||| PLANNING OSSUARY
  6149 | D:8      | Found a staircase to the Lair.
  6190 | D:8      | 6190 ||| FLEEEEING.
  6236 | D:8      | 6236 ||| INVOKING Heroism.
  6311 | D:8      | Reached skill level 10 in Ranged Weapons
  6356 | D:8      | Found a sand-covered staircase.
  6357 | D:8      | 6357 ||| UPGRADING to +1 pair of boots.
  6362 | D:8      | 6362 ||| DRINKING 2 fuming silvery potions.
  6467 | D:8      | 6467 ||| DROPPING potion of berserk rage.
  6475 | Ossuary  | Entered an ossuary
  6490 | Ossuary  | Reached skill level 3 in Armour
  6793 | Ossuary  | Reached ** piety under Okawaru
  6869 | Ossuary  | Reached skill level 11 in Ranged Weapons
  6881 | Ossuary  | Reached XP level 10. HP: 63/63 MP: 13/13
  6962 | Ossuary  | 6962 ||| DRINKING 2 bubbling inky potions.
  6963 | Ossuary  | 6963 ||| READING 4 scrolls of identify.
  6963 | Ossuary  | 6963 ||| IDENTIFYING coppery potion
  6964 | Ossuary  | 6964 ||| READING 3 scrolls of identify.
  6964 | Ossuary  | 6964 ||| IDENTIFYING golden potion
  6965 | Ossuary  | 6965 ||| READING 2 scrolls of identify.
  6965 | Ossuary  | 6965 ||| IDENTIFYING orange potion
  6966 | Ossuary  | 6966 ||| DROPPING potion of brilliance.
  6967 | Ossuary  | 6967 ||| DROPPING potion of ambrosia.
  7004 | D:8      | 7004 ||| PLANNING LAIR
  7030 | Lair:1   | Entered Level 1 of the Lair of Beasts
  7053 | Lair:1   | Noticed a black mamba
  7056 | Lair:1   | 7056 ||| INVOKING Heroism.
  7074 | Lair:1   | 7074 ||| INVOKING Heroism.
  7091 | Lair:1   | Killed a black mamba
  7103 | Lair:1   | HP: 15/64 [wyvern (6)]
  7104 | Lair:1   | 7104 ||| READING 2 scrolls of teleportation.
  7105 | Lair:1   | 7105 ||| DRINKING 3 potions of heal wounds.
  7179 | Lair:1   | 7179 ||| INVOKING Heroism.
  7198 | Lair:1   | Reached skill level 3 in Dodging
  7307 | Lair:1   | 7307 ||| INVOKING Heroism.
  7328 | Lair:1   | HP: 16/64 [wolf (2)]
  7329 | Lair:1   | 7329 ||| READING scroll of teleportation.
  7330 | Lair:1   | 7330 ||| DRINKING 2 potions of heal wounds.
  7339 | Lair:1   | 7339 ||| INVOKING Heroism.
  7385 | Lair:1   | 7385 ||| INVOKING Heroism.
  7417 | Lair:1   | Reached skill level 12 in Ranged Weapons
  7419 | Lair:1   | 7419 ||| INVOKING Heroism.
  7457 | Lair:1   | 7457 ||| INVOKING Heroism.
  7642 | Lair:1   | 7642 ||| INVOKING Heroism.
  7727 | Lair:1   | 7727 ||| INVOKING Heroism.
  7738 | Lair:1   | Reached skill level 13 in Ranged Weapons
  7757 | Lair:1   | Reached *** piety under Okawaru
  7803 | Lair:1   | 7803 ||| INVOKING Heroism.
  7811 | Lair:1   | Reached XP level 11. HP: 69/69 MP: 11/14
  8236 | Lair:1   | 8236 ||| DROPPING +6 ring of intelligence.
  8387 | Lair:2   | Reached skill level 9 in Fighting
  8426 | Lair:2   | Noticed Harold
  8427 | Lair:2   | 8427 ||| INVOKING Heroism.
  8460 | Lair:2   | 8460 ||| INVOKING Heroism.
  8461 | Lair:2   | 8461 ||| READING scroll labelled OLEREE ERORUE.
  8481 | Lair:2   | HP: 9/71 [Harold/+0 halberd (13)]
  8482 | Lair:2   | 8482 ||| DRINKING potion of heal wounds.
  8484 | Lair:2   | Killed Harold
  8625 | Lair:2   | 8625 ||| INVOKING Heroism.
  8686 | Lair:2   | 8686 ||| INVOKING Heroism.
  8690 | Lair:2   | HP: 15/71 [elephant (13)]
  8691 | Lair:2   | HP: 4/71 [elephant (12)]
  8692 | Lair:2   | Mangled by an elephant

Levels and vault maps discovered:
D:1:      eino_arrival_druids_welcome, layout_loops_cross, serial_shops,
          shop_fountains
D:2:      layout_basic
D:3:      layout_loops_corners, overflow_temple_1_default,
          gammafunk_ghost_split, shapermc_ecumenical_altar_hornbeckon,
          minmay_fractal_squares_gapless_5
D:4:      layout_loops_ring, nemelex_diamond_rough_becter, xom_teletrap_fun,
          mainiacjoe_overflow_paths
D:5:      layout_loops_cross, lemuel_crystal_altar, okawaru_metal_pillars_3,
          minivault_27
D:6:      minmay_chambers_of_fours, layout_basic, grunt_qazlal_sundering
D:7:      layout_basic, nicolae_overflow_crystal_walls,
          minmay_temple_entry_sparse_star
D:8:      layout_loops_ring, marbit_many_paths, lair_entry_dummy,
          enter_ossuary_5, st_stairs_9, uniq_psyche
Lair:1:   layout_concentric_octagons, portal_ice_cave_entry_pillars_1,
          eino_small_chamber_without_monster, st_stairs_9, kennysheep_rathole
Lair:2:   layout_regular_city, minmay_swamp_entry_swarm, uniq_sonja, uniq_harold

Skill      XL: |  1  2  3  4  5  6  7  8  9 10 11 |
---------------+----------------------------------+-----
Ranged Weapons | 3 4 5 6 7 9 11 13 | 13.1
Fighting       | 2 4 5 7 8 9 |  9.0
Armour         | 1 2 3 4 5 |  5.4
Invocations    | 1 4 |  4.0
Dodging        | 2 3 |  3.1
Spellcasting   | |  1.0
Hexes          | |  2.6

Action                     |  1- 3 |  4- 6 |  7- 9 | 10-12 || total
---------------------------+-------+-------+-------+-------++-------
   Fire: Sling             |   130 |   202 |   298 |       ||   630
         Shortbow          |       |       |   458 |   453 ||   911
 Invoke: Heroism           |       |       |     8 |    15 ||    23
    Use: Scroll            |     4 |     5 |     3 |     6 ||    18
         Potion            |     1 |     5 |     6 |     4 ||    16
 Armour: Robe              |     9 |       |       |       ||     9
         Ring mail         |    30 |    75 |   269 |   167 ||   541
  Dodge: Dodged            |    50 |    77 |   335 |   283 ||   745

Table legend:
 A = Non-vault XP
 B = Vault XP
 C = Vault XP percentage of total XP
 D = Non-vault monster count
 E = Vault monster count
 F = Vault count percentage of total count
                 A         B        C        D         E       F
            +---------+---------+-------+---------+---------+-------
      Total |    7118 |    4070 |  36.4 |     164 |      61 |  27.1
            +---------+---------+-------+---------+---------+-------
        D:1 |      38 |       0 |   0.0 |      22 |       0 |   0.0
        D:2 |      53 |       0 |   0.0 |      19 |       0 |   0.0
        D:3 |     100 |       7 |   6.5 |      19 |       3 |  13.6
        D:4 |     100 |       0 |   0.0 |      17 |       0 |   0.0
        D:5 |     564 |       0 |   0.0 |      14 |       0 |   0.0
        D:6 |     511 |     555 |  52.1 |      13 |       6 |  31.6
        D:7 |    1297 |       0 |   0.0 |      26 |       0 |   0.0
        D:8 |     125 |       0 |   0.0 |      11 |       0 |   0.0
     Lair:1 |    3570 |    1063 |  22.9 |      19 |      15 |  44.1
     Lair:2 |     760 |     868 |  53.3 |       4 |       1 |  20.0
    Ossuary |       0 |    1577 | 100.0 |       0 |      36 | 100.0
            +---------+---------+-------+---------+---------+-------
